 Dungeon Crawl Stone Soup version 0.28-a0-1429-gf3d713df7a (webtiles) character file.

Game seed: 4264223894020714659

216112 freelancePsychic the Gelid (level 18, -9/117 HPs)
             Began as a Deep Elf Conjurer on Jan 8, 2022.
             Was the Champion of Vehumet.
             Mangled by a +0 vorpal war axe (11 damage)
             ... on level 1 of the Elven Halls.
             The game lasted 01:48:17 (51238 turns).

freelancePsychic the Gelid (Deep Elf Conjurer)     Turns: 51238, Time: 01:48:18

Health: -9/117     AC: 12    Str:  6    XL:     18   Next: 35%
Magic:  10/39      EV: 18    Int: 34    God:    Vehumet [******]
Gold:   2244       SH: 14    Dex: 21    Spells: 16/48 levels left

rFire   . . .      SeeInvis .   Z - staff of conjuration
rCold   + + .      Faith    .   P - +2 buckler
rNeg    . . .      Spirit   .   W - +1 ring mail "Unoliponn" {Int+6}
rPois   .          Reflect  +   (no helmet)
rElec   .          Harm     .   h - scarf {rC+ rF+}
rCorr   .          Rampage  .   j - +0 pair of gloves
Will    +....                   X - +2 pair of boots
Stlth   ++........              t - amulet of reflection
HPRegen 0.29/turn               y - ring of ice
MPRegen 0.26/turn               S - +6 ring of dexterity

@: engulfed (cannot breathe), unable to drink, studying Dodging
A: no striking features
}: 1/15 runes: barnacled
a: Renounce Religion


You were on level 1 of the Elven Halls.
You worshipped Vehumet.
Vehumet was exalted by your worship.
You visited 7 branches of the dungeon, and saw 33 of its levels.
You also visited: Trove.

You collected 2876 gold pieces.
You spent 632 gold pieces at shops.

Inventory:

Hand Weapons
 b - a +2 dagger of draining
 k - the +3 sling "Punk" {acid, rCorr}
   (You found it in a treasure trove)

   Any ammunition fired from it is coated in acid, damaging and corroding those
   it strikes.
   rCorr:     It protects you from acid and corrosion.
 o - the +10 dagger of the Ancient Towns {speed, *Rage rElec rC+ Int+4}
   (You found it in a treasure trove)

   Attacks with this weapon are significantly faster.
   Int:       It affects your intelligence (+4).
   rC:        It protects you from cold.
   rElec:     It insulates you from electricity.
   *Rage:     It berserks you when you make melee attacks (+20% chance).
Missiles
 A - 13 throwing nets
Armour
 h - a scarf of resistance (worn)
 j - a +0 pair of gloves (worn)
 M - a +0 kite shield
 P - a +2 buckler (worn)
 W - the +1 ring mail "Unoliponn" (worn) {Int+6}
   (You bought it in a shop on level 2 of the Orcish Mines)

   Int:       It affects your intelligence (+6).
 X - a +2 pair of boots (worn)
Magical Staves
 Z - a staff of conjuration (weapon)
Jewellery
 t - an amulet of reflection (around neck)
 y - a ring of ice (left hand)
 L - an amulet of regeneration
 S - a +6 ring of dexterity (right hand)
 T - a ring of the Octopus King {rCorr AC+1 EV+1 Str+1 Int+1 Dex+1}
   (You found it on level 2 of the Shoals)

   [ring of resist corrosion]

   AC:        It affects your AC (+1).
   EV:        It affects your evasion (+1).
   Str:       It affects your strength (+1).
   Int:       It affects your intelligence (+1).
   Dex:       It affects your dexterity (+1).
   rCorr:     It protects you from acid and corrosion.
Wands
 a - a wand of acid (7)
 c - a wand of digging (13)
 r - a wand of iceblast (3)
 E - a wand of paralysis (17)
 G - a wand of charming (12)
 I - a wand of flame (50)
 Q - a wand of mindburst (26)
Scrolls
 e - 3 scrolls of teleportation {@r4}
 g - a scroll of silence
 l - 2 scrolls of blinking
 m - 5 scrolls of magic mapping
 n - 6 scrolls of immolation
 v - 4 scrolls of amnesia
 x - 3 scrolls of torment
 z - 8 scrolls of vulnerability
 C - 2 scrolls of holy word
 D - a scroll of enchant weapon
 K - 3 scrolls of enchant armour
 R - 3 scrolls of brand weapon
 U - 6 scrolls of identify {@r1}
Potions
 d - 20 potions of curing {@q1}
 f - 6 potions of might
 p - 3 potions of berserk rage
 q - 4 potions of resistance
 s - a potion of lignification
 u - 3 potions of mutation
 w - 3 potions of attraction
 B - 7 potions of heal wounds {@q2}
 F - 2 potions of cancellation
 H - 2 potions of brilliance
 J - 5 potions of haste {@q3}
 N - 6 potions of ambrosia
 O - a potion of invisibility


   Skills:
 + Level 14.5 Fighting
 - Level 7.2 Armour
 + Level 16.1 Dodging
 - Level 3.5 Stealth
 - Level 8.5 Shields
 - Level 15.6 Spellcasting
 - Level 10.6 Conjurations
 - Level 4.2 Hexes
 - Level 6.5 Transmutations
 + Level 17.0 Ice Magic
 - Level 1.7 Air Magic
 - Level 9.8 Earth Magic
 - Level 2.0 Poison Magic


You had 16 spell levels left.
You knew the following spells:

 Your Spells              Type           Power      Damage    Failure   Level
a - Ozocubu's Refrigerat  Ice            60%        4d17      1%          7
b - Iron Shot             Conj/Erth      49%        9d9       4%          6
c - Mephitic Cloud        Conj/Pois/Air  73%        N/A       1%          3
d - Fulminant Prism       Conj/Hex       43%        3d20      1%          4
e - Freezing Cloud        Conj/Ice/Air   59%        6-21      1%          5
f - Searing Ray           Conj           100%       2d8       1%          2
h - Irradiate             Conj/Tmut      45%        3d29      1%          5

Your spell library contained the following spells:

 Spells                   Type           Power      Damage    Failure   Level
 Maxwell's Capacitive Co  Air            19%        ∞         100%        8
 Chain Lightning          Conj/Air       40%        3d53      100%        9
 Shatter                  Erth           38%        3d30*     100%        9
 Ozocubu's Armour         Ice            100%       N/A       0%          3
 Magic Dart               Conj           100%       1d8       1%          1
 Ensorcelled Hibernation  Hex/Ice        100%       N/A       1%          2
 Passwall                 Tmut/Erth      58%        N/A       1%          2
 Wereblood                Tmut           63%        N/A       1%          2
 Dazzling Flash           Conj/Hex       100%       N/A       1%          3
 Ice Form                 Ice/Tmut       100%       N/A       1%          4
 Iskenderun's Mystic Bla  Conj/Tloc      76%        2d15      1%          4
 Petrify                  Tmut/Erth      70%        N/A       1%          4
 Confusing Touch          Hex            54%        N/A       3%          3
 Spider Form              Tmut/Pois      53%        N/A       3%          3
 Leda's Liquefaction      Hex/Erth       32%        N/A       3%          4
 Lightning Bolt           Conj/Air       40%        1d59      3%          5
 Fireball                 Conj/Fire      38%        3d16      5%          5
 Yara's Violent Unravell  Hex/Tmut       29%        3d12      5%          5
 Summon Small Mammal      Summ           100%       N/A       6%          1
 Portal Projectile        Hex/Tloc       82%        N/A       8%          3
 Summon Guardian Golem    Hex/Summ       41%        N/A       8%          3
 Airstrike                Air            19%        N/A       8%          4
 Swiftness                Air            38%        N/A       9%          3
 Call Imp                 Summ           26%        N/A       10%         2
 Sublimation of Blood     Necr           26%        N/A       10%         2
 Cause Fear               Hex            27%        N/A       11%         4
 Call Canine Familiar     Summ           26%        N/A       19%         3
 Borgnjor's Vile Clutch   Necr/Erth      28%        N/A       22%         5
 Starburst                Conj/Fire      38%        6d11      26%         6
 Alistair's Intoxication  Tmut/Pois      35%        N/A       28%         5
 Simulacrum               Ice/Necr       45%        N/A       28%         6
 Eringya's Noxious Bog    Tmut/Pois      26%        N/A       36%         6
 Summon Lightning Spire   Summ/Air       32%        N/A       38%         4
 Animate Dead             Necr           13%        N/A       52%         4
 Polar Vortex             Ice            60%        N/A       77%         9
 Summon Forest            Summ/Tloc      13%        N/A       86%         5
 Dragon Form              Tmut           31%        N/A       98%         7
 Death Channel            Necr           13%        N/A       100%        6
 Enfeeble                 Hex            27%        N/A       100%        7
 Summon Hydra             Summ           13%        N/A       100%        7
 Dragon's Call            Summ           13%        N/A       100%        9


Dungeon Overview and Level Annotations

Branches:
Dungeon (15/15)            Temple (1/1) D:4            Lair (6/6) D:10
 Shoals (4/4) Lair:3       Spider (4/4) Lair:4        Slime (0/5) Lair:5
    Orc (2/2) D:9             Elf (1/3) Orc:2        Vaults (0/5) D:14
 Depths (0/4) D:15

Altars:
Ashenzari
Cheibriados
Dithmenos
Elyvilon
Fedhas
Gozag
Hepliaklqana
Kikubaaqudgha
Makhleb
Nemelex Xobeh
Okawaru
Qazlal
Ru
Sif Muna
Trog
Uskayaw
Vehumet
Wu Jian
Xom
Yredelemnul
Zin
The Shining One
Beogh

Shops:
D:5 ((   D:6 !   D:8 (   Orc:2 *[=(

Portals:
Ice
Cave: Elf:1

Annotations:
D:3 Sigmund
D:4 Blork the orc
D:6 1 runed translucent door, dolemite99's ghost, novice MiGl
D:7 exclusion: downstairs
D:8 Pikel
Lair:1 Gastronok
Lair:3 exclusion: downstairs
Lair:5 Rupert
Spider:2 exclusion: downstairs
Spider:4 exclusion: 3 doors
Elf:1 6 runed translucent doors, exclusion: ice statue


Message History

The deep elf archer moves out of view.
You hear a shout!
The orc high priest shouts!
The deep elf demonologist shouts!
The deep elf zephyrmancer shouts!
The deep elf knight shouts!
A +0 vorpal war axe comes into view.
You cannot read scrolls while unable to breathe!
You slip free of the water engulfing you.
An orc comes into view. It is wielding a +0 club.
Your lungs strain for air!
The orc shouts!
The storm dragon roars deafeningly!
You hear a shout!
The orc shouts!
The fire dragon roars deafeningly!
The deep elf demonologist mumbles some strange words.
The water elemental barely misses you. The orc closely misses you.
You block the orc's attack.
You hit the orc.
You blast the orc!
You kill the orc!
Vehumet accepts your kill.
You feel your power returning.
Your lungs strain for air!
The water elemental hits you. The orc misses you.
The deep elf demonologist casts a spell.
You block the orc warrior's attack.
Your magical contamination has completely faded away.
You hit the orc.
You blast the orc!
You kill the orc!
Vehumet accepts your kill.
You feel your power returning.
Your lungs strain for air!
The water elemental misses you. The orc completely misses you.
The deep elf demonologist casts a spell.
The ynoxinul gestures.
The earth elemental hits you!!
* * * LOW HITPOINT WARNING * * *
The deep elf demonologist mumbles some strange words.
The water elemental completely misses you.
You block the orc's attack.
You hit the +0 vorpal war axe but do no damage.
* * * LOW HITPOINT WARNING * * *
Your lungs strain for air!
The +0 vorpal war axe hits you!
You die...

,,* ,,* ,,* *******#####*
,,*** *,,,,,,....,*
,*,,** *,##++#''#++#*
****,* *,#8...o....8* *,*
*,#8.oo.....8* *,*
*,##o(#oo#2.#*
****,*******,#84@eo(E..8*
,,,,,,,,,,,,,#8EEooe...8*
****,****,***##(e#eE#..#*
**,,,* *,* *82ee5e:..8*
,,,*,* *,***#8.4e.55..8*
...#,****,,,*#+++#3$#+++*
⌠..#,**,^,,,,#.DD#88#DD.*
...#,**,,,,,,########*##*
.[.##,***,,,**


You could see 2 storm dragons, 2 fire dragons, 2 green deaths, an orc high
priest, 3 deep elf demonologists, an orange demon (summoned), 2 deep elf
archers, 2 deep elf knights, 3 earth elementals, a rust devil (summoned), a
water elemental, a deep elf zephyrmancer, a ynoxinul (summoned), an orc warrior,
3 dancing weapons, an orc wizard, 6 orcs and 3 ufetubi.

Vanquished Creatures
  A kraken (Shoals:2)
  The ghost of Waod the Severer, an adept HOBr of Beogh (Shoals:2)
  Kirke (D:15)
  A deep elf sorcerer (Elf:1)
  2 orc warlords (Orc:2)
  Aizul (Spider:1)
  4 emperor scorpions
  6 ghost moths
  An entropy weaver (Spider:2)
  3 spark wasps
  2 ettins
  7 merfolk javelineers
  A deep elf death mage (Elf:1)
  A fire dragon (D:13)
  Josephine (D:15)
  6 merfolk impalers
  Harold (D:7)
  4 hydras
  An ice dragon (D:14)
  6 boulder beetles
  3 jorogumos
  3 merfolk avatars
  3 catoblepae
  6 centaur warriors
  A dancing weapon (Elf:1)
  2 two-headed ogres
  18 death yaks
  5 merfolk aquamancers
  5 satyrs
  5 tengu warriors
  An orc high priest (Orc:2)
  A hell knight (D:15)
  A deep elf knight (Elf:1)
  7 pharaoh ants
  7 orb spiders
  3 deep elf archers (Elf:1)
  A sun moth (Spider:2)
  16 sea snakes
  5 steelbarb worms
  A kraken simulacrum (Shoals:4)
  A deep troll (D:15)
  3 wizards
  5 deep elf pyromancers
  10 harpies (Shoals:4)
  A necromancer (D:15)
  7 deep elf zephyrmancers (Elf:1)
  12 ugly things
  6 orc knights
  2 orc sorcerers (Orc:2)
  15 fauns
  29 wolf spiders
  2 moths of wrath
  9 cyclopes
  14 manticores
  11 elephants
  3 black mambas (Lair:6)
  12 merfolk sirens
  4 torpor snails
  3 water nymphs
  14 cane toads
  An ice statue (Elf:1)
  Maggie (D:7)
  3 gargoyles
  5 demonic crawlers
  10 komodo dragons
  4 rime drakes
  A komodo dragon (shapeshifter) (D:14)
  5 kobold demonologists (D:11)
  2 tengu conjurers
  A queen bee (Lair:1)
  5 trolls
  7 meliai
  25 merfolk
  30 tarantellas
  4 polar bears
  6 wind drakes
  19 blink frogs
  A wind drake (shapeshifter) (D:14)
  5 hornets
  4 dream sheep
  A raiju (shapeshifter) (D:14)
  A meliai zombie (D:10)
  15 slime creatures
  15 culicivoras
  15 snapping turtles
  A centaur simulacrum (D:15)
  18 jumping spiders
  4 wyverns
  5 wraiths
  44 yaks
  6 hogs (D:15)
  13 water elementals
  2 steam dragons
  A fire elemental (Elf:1)
  5 basilisks
  35 redbacks
  10 vampire mosquitoes
  Menkaure (D:7)
  A harpy simulacrum (D:14)
  10 wargs
  9 water moccasins
  2 acid dragons
  Duvessa (D:7)
  A sky beast (D:5)
  40 orc warriors
  An ice beast (D:5)
  A necrophage (D:7)
  6 ogres
  22 wolves
  18 centaurs
  2 kobold brigands
  A lemure (D:8)
  3 phantoms
  16 bullfrogs
  A gnoll sergeant (Orc:2)
  2 wyvern skeletons
  3 scorpions
  Dowan (D:7)
  14 killer bees (Lair:1)
  An electric eel (Spider:4)
  2 howler monkeys
  12 wights
  2 jellies
  6 centaur zombies
  4 hounds
  13 orc priests
  A centaur skeleton (D:7)
  2 gnoll shamans
  2 bullfrog skeletons
  Crazy Yiuf (D:3)
  Jessica (D:3)
  2 iguanas
  Ijyb (D:3)
  19 orc wizards
  12 hell rats
  2 killer bee zombies
  A hound skeleton (D:4)
  18 gnolls
  10 adders
  2 shadow imps
  A white imp (D:5)
  An ufetubus (D:5)
  3 adder skeletons
  2 worms
  3 dart slugs
  70 orcs
  4 bats (D:1)
  6 endoplasms
  3 giant cockroaches
  14 hobgoblins
  15 kobolds
  5 quokkas
  7 ball pythons
  4 frilled lizards
  8 goblins
  4 rats
  22 bushes
  A fire vortex (D:15)
  2 tentacles
1083 creatures vanquished.

Vanquished Creatures (collateral kills)
  A pharaoh ant (Spider:4)
  2 tarantellas (Spider:4)
  A jumping spider (Spider:4)
  A redback (Spider:4)
  An ice beast (D:7)
6 creatures vanquished.

Vanquished Creatures (others)
  3 bushes
  28 fulminant prisms
  49 fungi
  375 plants
  5 tentacles
  3 toadstools (D:2)
463 creatures vanquished.

Grand Total: 1552 creatures vanquished

Notes
Turn   | Place    | Note
-------+----------+-------------------------------------------
     0 | D:1      | freelancePsychic the Deep Elf Conjurer began the quest for
                  | the Orb.
     0 | D:1      | Reached XP level 1. HP: 10/10 MP: 6/6
   324 | D:1      | Reached XP level 2. HP: 15/15 MP: 0/8
   606 | D:1      | Learned a level 2 spell: Searing Ray
   736 | D:1      | Found a faded altar of an unknown god.
   894 | D:1      | Reached XP level 3. HP: 19/19 MP: 6/10
  1730 | D:2      | Reached skill level 5 in Conjurations
  2050 | D:2      | Reached XP level 4. HP: 24/24 MP: 6/12
  2771 | D:3      | Noticed Ijyb
  2831 | D:3      | Noticed Jessica
  2835 | D:3      | Killed Jessica
  2836 | D:3      | Reached skill level 1 in Shields
  3020 | D:3      | Reached XP level 5. HP: 28/28 MP: 11/14
  3185 | D:4      | Noticed an ogre
  3205 | D:3      | Learned a level 3 spell: Mephitic Cloud
  3249 | D:4      | Found a staircase to the Ecumenical Temple.
  3258 | Temple   | Entered the Ecumenical Temple
  3558 | Temple   | Became a worshipper of Vehumet
  3718 | D:4      | Noticed Blork the orc
  3936 | D:4      | Killed an ogre
  3937 | D:4      | Reached skill level 5 in Spellcasting
  3937 | D:4      | Reached skill level 1 in Air Magic
  3937 | D:4      | Reached skill level 1 in Poison Magic
  3937 | D:4      | Reached XP level 6. HP: 32/32 MP: 5/15
  4479 | D:3      | Killed Ijyb
  4641 | D:3      | Noticed Sigmund
  4703 | D:3      | Found a runed translucent door.
  4704 | D:3      | Noticed Crazy Yiuf
  4842 | D:3      | Killed Crazy Yiuf
  5272 | D:4      | Reached skill level 1 in Hexes
  5475 | D:4      | Reached skill level 1 in Fighting
  5475 | D:4      | Reached XP level 7. HP: 29/38 MP: 8/17
  5980 | D:4      | Reached * piety under Vehumet
  5980 | D:4      | Offered knowledge of Foxfire by Vehumet.
  6304 | D:4      | Learned a level 5 spell: Irradiate
  6309 | D:4      | Learned a level 4 spell: Fulminant Prism
  6329 | D:5      | Entered Level 5 of the Dungeon
  6430 | D:4      | Reached skill level 1 in Transmutations
  6705 | D:5      | Found Voucwil's Weapon Boutique.
  6705 | D:5      | Found Hoduots's Weapon Emporium.
  7002 | D:5      | Found a shadowy altar of Dithmenos.
  7062 | D:5      | Reached XP level 8. HP: 12/44 MP: 10/18
  7867 | D:6      | Found a runed translucent door.
  8430 | D:6      | Found Jich's Distillery.
  8644 | D:6      | Bought a potion of brilliance for 44 gold pieces
  8644 | D:6      | Bought a potion of heal wounds for 55 gold pieces
  8644 | D:6      | Bought a potion of heal wounds for 55 gold pieces
  8644 | D:6      | Bought a potion of curing for 33 gold pieces
  8644 | D:6      | Bought a potion of curing for 33 gold pieces
  8856 | D:6      | Reached ** piety under Vehumet
  9119 | D:6      | Offered knowledge of Poisonous Vapours by Vehumet.
  9237 | D:6      | Noticed dolemite99's ghost (novice MiGl)
  9458 | D:7      | Identified the +6 chain mail "Wilag" {*Slow +Inv rElec
                  | rN+++}
  9522 | D:7      | Reached XP level 9. HP: 51/51 MP: 15/20
  9570 | D:7      | Noticed Dowan
  9735 | D:7      | Noticed Duvessa
  9819 | D:7      | Killed Dowan
  9984 | D:7      | Killed Duvessa
 10163 | D:7      | Noticed Harold
 10382 | D:7      | Noticed Maggie
 10382 | D:7      | Noticed Menkaure
 10391 | D:7      | Killed Menkaure
 10393 | D:7      | Killed Maggie
 10394 | D:7      | Reached skill level 5 in Transmutations
 10606 | D:7      | Killed Harold
 10818 | D:8      | Noticed Pikel
 10859 | D:8      | Found Teirykk's Weapon Boutique.
 11122 | D:8      | Reached XP level 10. HP: 44/57 MP: 18/24
 11123 | D:8      | Reached skill level 1 in Ice Magic
 11397 | D:8      | Reached skill level 5 in Fighting
 11570 | D:8      | Offered knowledge of Static Discharge by Vehumet.
 11772 | D:8      | Identified the +4 war axe of Ashenzari {vorpal, Fly}
 11820 | D:8      | Reached skill level 2 in Ice Magic
 12302 | D:9      | Reached *** piety under Vehumet
 12303 | D:9      | Found a staircase to the Orcish Mines.
 12315 | D:9      | Reached skill level 3 in Ice Magic
 12802 | D:9      | Reached skill level 4 in Ice Magic
 13429 | D:10     | Entered Level 10 of the Dungeon
 13442 | D:10     | Noticed an elephant
 13755 | D:10     | Offered knowledge of Frozen Ramparts by Vehumet.
 13756 | D:10     | Reached skill level 5 in Ice Magic
 14287 | D:10     | Killed an elephant
 14360 | D:10     | Reached skill level 6 in Ice Magic
 14618 | D:10     | Found a staircase to the Lair.
 14842 | Lair:1   | Entered Level 1 of the Lair of Beasts
 14959 | Lair:1   | Reached XP level 11. HP: 22/64 MP: 20/26
 15183 | Lair:1   | Noticed Gastronok
 15193 | Lair:1   | Learned a level 7 spell: Ozocubu's Refrigeration
 15270 | Lair:1   | Reached skill level 7 in Ice Magic
 15276 | Lair:1   | Reached skill level 5 in Shields
 16145 | Lair:1   | Reached skill level 5 in Dodging
 16151 | Lair:1   | Reached **** piety under Vehumet
 16374 | Lair:1   | Reached skill level 8 in Ice Magic
 16478 | Lair:1   | Offered knowledge of Sticky Flame by Vehumet.
 16674 | Lair:1   | Learned a level 5 spell: Freezing Cloud
 17217 | Lair:2   | Noticed a death yak
 17217 | Lair:2   | Noticed a death yak
 17217 | Lair:2   | Noticed a death yak
 17218 | Lair:2   | Noticed a death yak
 17218 | Lair:2   | Noticed a death yak
 17220 | Lair:2   | Noticed a death yak
 17223 | Lair:2   | Killed a death yak
 17223 | Lair:2   | Killed a death yak
 17223 | Lair:2   | Killed a death yak
 17224 | Lair:2   | Reached skill level 9 in Ice Magic
 17227 | Lair:2   | Killed a death yak
 17227 | Lair:2   | Killed a death yak
 17228 | Lair:2   | Reached XP level 12. HP: 54/72 MP: 19/27
 17230 | Lair:2   | Killed a death yak
 18105 | Lair:3   | Identified the +0 hunting sling "Feghalof" {venom, rElec
                  | rC+ Will- Int+6}
 18200 | Lair:3   | Noticed a catoblepas
 18208 | Lair:3   | Killed a catoblepas
 18209 | Lair:3   | Reached skill level 10 in Ice Magic
 18315 | Lair:3   | Reached ***** piety under Vehumet
 18486 | Lair:3   | Offered knowledge of Lee's Rapid Deconstruction by Vehumet.
 18732 | Lair:3   | Reached skill level 11 in Ice Magic
 19198 | Lair:3   | Found a staircase to the Shoals.
 19660 | Lair:4   | Noticed a five-headed hydra
 19665 | Lair:4   | Killed a five-headed hydra
 19671 | Lair:4   | Reached skill level 12 in Ice Magic
 19713 | Lair:4   | Noticed a seven-headed hydra
 19932 | Lair:4   | Killed a seven-headed hydra
 20087 | Lair:4   | Reached XP level 13. HP: 70/79 MP: 18/28
 20281 | Lair:4   | Found a hole to the Spider Nest.
 21060 | Lair:5   | Noticed Rupert
 21088 | Lair:5   | Reached skill level 13 in Ice Magic
 21459 | Lair:5   | Found a staircase to the Slime Pits.
 21464 | Lair:5   | Identified the +0 robe of Meckoam {Harm rF+ Dex+3}
 22063 | Lair:6   | Entered Level 6 of the Lair of Beasts
 22399 | Lair:6   | Offered knowledge of Iron Shot by Vehumet.
 22522 | Lair:6   | Reached skill level 14 in Ice Magic
 23024 | Lair:6   | Reached skill level 1 in Armour
 23471 | Lair:6   | Reached XP level 14. HP: 87/87 MP: 15/29
 23546 | Lair:6   | Reached skill level 15 in Ice Magic
 23571 | Lair:6   | Learned a level 6 spell: Iron Shot
 23659 | Lair:6   | Reached skill level 10 in Spellcasting
 23666 | Lair:6   | Reached skill level 10 in Fighting
 24034 | Lair:6   | Identified the +6 fustibalus of the Hated {freeze, rElec
                  | Will++ Str-2 Stlth+}
 24981 | Orc:1    | Entered Level 1 of the Orcish Mines
 25467 | Orc:2    | Entered Level 2 of the Orcish Mines
 25468 | Orc:2    | Noticed an orc warlord
 25471 | Orc:2    | Offered knowledge of Conjure Ball Lightning by Vehumet.
 25474 | Orc:2    | Killed an orc warlord
 25949 | Orc:2    | Noticed an orc warlord
 25956 | Orc:2    | Found Casupsei's Jewellery Emporium.
 25957 | Orc:2    | Killed an orc warlord
 26104 | Orc:2    | Found Qudomer's General Store.
 26158 | Orc:2    | Found Ziazugg's Antique Armour Emporium.
 26167 | Orc:2    | Found Tankuahesu's Antique Weapon Emporium.
 26219 | Orc:2    | Bought a faintly glowing ring mail for 189 gold pieces
 26219 | Orc:2    | Identified the +1 ring mail "Unoliponn" {Int+6} (You bought
                  | it in a shop on level 2 of the Orcish Mines)
 26232 | Orc:2    | Bought a pair of glowing boots for 157 gold pieces
 27067 | D:11     | Reached skill level 5 in Armour
 27213 | D:11     | Offered knowledge of Eringya's Noxious Bog by Vehumet.
 27520 | D:11     | Reached skill level 1 in Earth Magic
 28644 | D:12     | Found a radiant altar of Vehumet.
 29538 | D:13     | Reached XP level 15. HP: 78/94 MP: 19/33
 30640 | D:14     | Got the Catalogue of Moulding and Heat
 31912 | D:14     | Found a gate to the Vaults.
 32030 | D:15     | Entered Level 15 of the Dungeon
 32255 | D:15     | Reached skill level 5 in Earth Magic
 32433 | D:15     | Found a portal to a secret trove of treasure.
 32759 | D:15     | Found a staircase to the Depths.
 32762 | D:15     | Noticed Kirke
 32767 | D:15     | Killed Kirke
 32768 | D:15     | Reached skill level 10 in Conjurations
 33116 | D:15     | Noticed Josephine
 33120 | D:15     | Killed Josephine
 33175 | D:15     | Reached ****** piety under Vehumet
 33880 | Spider:1 | Entered Level 1 of the Spider Nest
 33884 | Spider:1 | Offered knowledge of Iskenderun's Battlesphere by Vehumet.
 34462 | Spider:1 | Noticed an emperor scorpion
 35417 | Spider:1 | Reached XP level 16. HP: 101/101 MP: 19/34
 35795 | Spider:1 | Noticed Aizul
 35801 | Spider:1 | Killed Aizul
 38409 | Spider:2 | Identified the +6 trident of Peace {freeze, Str+6}
 38508 | Spider:3 | Offered knowledge of Spellforged Servitor by Vehumet.
 40182 | Shoals:1 | Entered Level 1 of the Shoals
 40225 | Shoals:1 | Reached skill level 10 in Dodging
 40878 | D:6      | Bought a potion of flight for 33 gold pieces
 40878 | D:6      | Bought a potion of flight for 33 gold pieces
 41079 | D:15     | You paid a toll of a +6 demon trident to enter a treasure
                  | trove
 41080 | Trove    | Entered a treasure trove
 41089 | Trove    | Found the +3 sling "Punk" {acid, rCorr}
 41091 | Trove    | Identified the +6 broad axe of the Sea {elec, rCorr Str+2
                  | Dex+4 Stlth+}
 41097 | Trove    | Identified the +10 dagger of the Ancient Towns {speed,
                  | *Rage rElec rC+ Int+4}
 41107 | Trove    | Identified the +8 great mace of Wicked Expedience
                  | {antimagic, Stlth+}
 42974 | Shoals:2 | Noticed a kraken
 42981 | Shoals:2 | Found a transporter.
 42986 | Shoals:2 | Found a transporter.
 42988 | Shoals:2 | Found the ring of the Octopus King
 42992 | Shoals:2 | Noticed Waod's ghost (adept HOBr)
 43180 | Shoals:2 | Killed a kraken
 43274 | Shoals:2 | Killed Waod's ghost
 43275 | Shoals:2 | Reached XP level 17. HP: 71/108 MP: 7/37
 43422 | Shoals:2 | Identified a ring of the Octopus King {rCorr AC+1 EV+1
                  | Str+1 Int+1 Dex+1}
 43527 | Shoals:2 | Offered knowledge of Lehudib's Crystal Spear by Vehumet.
 43912 | Shoals:3 | Reached skill level 15 in Spellcasting
 45943 | Shoals:4 | Entered Level 4 of the Shoals
 47173 | Shoals:4 | Reached skill level 16 in Ice Magic
 47444 | Shoals:4 | Got a barnacled rune of Zot
 48220 | Spider:4 | Entered Level 4 of the Spider Nest
 48424 | Spider:3 | Offered knowledge of Shatter by Vehumet.
 48424 | Spider:3 | Offered knowledge of Chain Lightning by Vehumet.
 48424 | Spider:3 | Offered knowledge of Maxwell's Capacitive Coupling by
                  | Vehumet.
 48796 | Spider:4 | Reached XP level 18. HP: 73/116 MP: 11/39
 49328 | Spider:4 | Reached skill level 15 in Dodging
 50661 | Orc:2    | Found a staircase to the Elven Halls.
 50984 | Elf:1    | Entered Level 1 of the Elven Halls
 51143 | Elf:1    | Reached skill level 17 in Ice Magic
 51156 | Elf:1    | Found a frozen archway.
 51234 | Elf:1    | Found a runed translucent gate.
 51234 | Elf:1    | Found a runed translucent gate.
 51234 | Elf:1    | Found a runed translucent gate.
 51234 | Elf:1    | Found a runed translucent gate.
 51234 | Elf:1    | Found a runed translucent gate.
 51235 | Elf:1    | Found a runed translucent gate.
 51238 | Elf:1    | HP: 1/117 [drowned by a water elemental (10)]
 51238 | Elf:1    | Mangled by a +0 vorpal war axe

Illustrated notes

Levels and vault maps discovered:
D:1:      dpeg_arrival_morbid_curiosity, layout_loops_cross,
          chequers_ecumenical_altar_island, grunt_decor_arrowhead
D:2:      layout_basic, chequers_serial_rivers_room_b, kennysheep_nub,
          minmay_gold_behind_fungi
D:3:      layout_basic, kennysheep_minor_cross, kennysheep_generic_room_2,
          uniq_sigmund, uniq_ijyb, uniq_jessica, uniq_crazy_yiuf_cottage
D:4:      layout_cave_pods, minmay_temple_entry_ruins, minmay_bent,
          uniq_blork_the_orc
D:5:      layout_cave_pools, nicolae_dithmenos_the_darkroom,
          serial_bayou_pond_a, minmay_tree_intersection, minmay_liquid_box,
          chequers_serial_rivers_small_a, nicolae_wooded_promenade
D:6:      layout_basic, ebering_ghost_reflecting_pool, serial_shops, shop,
          hex_medium, minmay_stone_trees_large
D:7:      layout_basic, uniq_maggie, uniq_menkaure, uniq_duvessa, uniq_harold
D:8:      layout_loops_cross, serial_shops, shop, uniq_pikel
D:9:      layout_roguey, david_orc_5, minivault_10
D:10:     layout_rooms, david_lair_generic, hex_tiny
D:11:     layout_irregular_city
D:12:     layout_gridville, library_closet, chequers_jeans, minivault_21,
          nicolae_vehumet_radiance
D:13:     layout_roguey
D:14:     layout_basic, david_vaults_4, hangedman_decor_cross_pass,
          grunt_ogre_cave
D:15:     hangedman_depths_entry_civil_slaughter, layout_long_grid,
          nicolae_trove_entry_isolated, nicolae_lava_and_water, uniq_kirke,
          uniq_josephine
Temple:   mainiacjoe_temple_circle_huts
Lair:1:   layout_cellular_growth, special_room [special_room_bee],
          uniq_gastronok
Lair:2:   layout_small_grid
Lair:3:   layout_hall_layers, minmay_shoals_entry_lonely_mermaid,
          nicolae_quartered_pool_medium, minivault_24, st_stairs_12,
          beast_lair_carwin_3, serial_bayou_shore_b
Lair:4:   layout_concentric_octagons, spider_nest_entry_webs,
          serial_bayou_shore_a, grunt_megastairs_2
Lair:5:   layout_loops_ring, minmay_slime_entry_pillars, columned_hall_lemuel,
          minmay_hedge_maze, grunt_megastairs_5, serial_bayou_shore_b,
          uniq_rupert
Lair:6:   gammafunk_lair_ancient_temple, layout_cave_pods, serial_forest,
          infiniplex_forest_end_2, infiniplex_forest_lined_corner,
          infiniplex_forest_lined_corner, infiniplex_forest_straight_4,
          infiniplex_forest_end_3, infiniplex_forest_clump_small,
          infiniplex_forest_straight_4, infiniplex_staircase_pool_2
Shoals:1: layout_shoals
Shoals:2: layout_shoals, ebering_ghost_davey_jones
Shoals:3: layout_shoals, nicolae_shoals_arrival_archipelago
Shoals:4: shoals_end_grunt_ice, layout_shoals
Spider:1: layout_chambers, uniq_aizul
Spider:2: layout_cave_pods
Spider:3: layout_spider_delve
Spider:4: spider_rune_water
Orc:1:    cheibrodos_orc_arena, layout_diamond_mine, serial_shops,
          nicolae_shop_statue_plus, led_sif_book
Orc:2:    grunt_orc_cross, layout_caves, nooodl_orcs_dogs
Elf:1:    minmay_elf_arrival_plus, layout_rooms,
          portal_ice_cave_entry_ice_statue_two, serial_shops,
          nicolae_lakefront_shop, orc_legates

Skill      XL: |  1  2  3  4  5  6  7  8  9 10 11 12 13 14 15 16 17 18 |
---------------+-------------------------------------------------------+-----
Stealth        | 3 |  3.5
Spellcasting   | 4 5 6 8 9 12 14 15 | 15.6
Conjurations   | 5 6 7 8 10 | 10.6
Shields        | 1 2 3 4 6 7 8 |  8.5
Air Magic      | 1 |  1.7
Poison Magic   | 1 2 |  2.0
Hexes          | 1 3 4 |  4.2
Fighting       | 1 2 3 4 6 7 8 9 11 12 13 14 | 14.5
Transmutations | 2 3 5 6 |  6.5
Ice Magic      | 6 9 12 14 15 16 17 | 17.0
Dodging        | 3 6 7 10 14 16 | 16.1
Armour         | 2 5 7 |  7.2
Earth Magic    | 3 7 9 |  9.8

Action                   |  1- 3 |  4- 6 |  7- 9 | 10-12 | 13-15 | 16-18 || total
-------------------------+-------+-------+-------+-------+-------+-------++-------
Melee: Dagger            |       |     1 |    11 |    62 |    38 |       ||   112
       Staff             |       |       |       |       |     1 |    13 ||    14
 Cast: Magic Dart        |    31 |       |       |       |       |       ||    31
       Searing Ray       |    23 |    45 |    83 |    51 |       |       ||   202
       Mephitic Cloud    |       |     6 |    14 |    25 |    12 |     2 ||    59
       Fulminant Prism   |       |       |     8 |    20 |       |       ||    28
       Irradiate         |       |       |     2 |    53 |    57 |    49 ||   161
       Freezing Cloud    |       |       |       |    61 |    98 |       ||   159
       Ozocubu's Refrige |       |       |       |       |   192 |   238 ||   430
       Iron Shot         |       |       |       |       |    16 |   108 ||   124
Evoke: Wand              |       |       |       |       |       |     1 ||     1
  Use: Scroll            |       |    10 |     7 |     7 |    11 |    16 ||    51
       Potion            |       |       |     2 |     1 |     3 |     4 ||    10
 Stab: Confused          |       |       |       |     3 |       |       ||     3
       Sleeping          |       |       |       |       |     2 |       ||     2
Armor: Robe              |     1 |     4 |    15 |    15 |       |       ||    35
       Steam dragon scal |       |       |       |    14 |     9 |       ||    23
       Ring mail         |       |       |       |       |    35 |    47 ||    82
Dodge: Dodged            |     4 |     7 |    40 |    97 |    58 |   115 ||   321
Block: Buckler           |       |     2 |    18 |    39 |    44 |    89 ||   192
       Kite shield       |       |       |       |     2 |     6 |       ||     8
       Reflection        |       |       |       |       |       |    13 ||    13

Table legend: (Time is in decaauts)
 A = Elapsed time spent in this place.
 B = Non-inter-level travel time spent in this place.
 C = Inter-level travel time spent in this place.
 D = Time resting spent in this place.
 E = Time spent auto-exploring this place.
 F = Levels seen in this place.
 G = Mean time per level.
                   A        B        C        D        E       F      G
               +--------+--------+--------+--------+--------+-----+--------+
         Total |  51824 |  48489 |   3335 |   6604 |  35619 |  34 | 1524.2 |
       Dungeon |  22441 |  20987 |   1454 |   2182 |  15807 |  15 | 1496.1 |
        Temple |    322 |    301 |     21 |      0 |    261 |   1 |  322.0 |
          Lair |  11296 |  10187 |   1109 |   1265 |   7700 |   6 | 1882.7 |
        Shoals |   7531 |   7340 |    191 |    594 |   5977 |   4 | 1882.8 |
   Spider Nest |   7743 |   7371 |    372 |   2291 |   4246 |   4 | 1935.8 |
  Orcish Mines |   2266 |   2080 |    186 |    209 |   1603 |   2 | 1133.0 |
   Elven Halls |    134 |    134 |      0 |     63 |      0 |   1 |  134.0 |
         Trove |     88 |     88 |      0 |      0 |     23 |   1 |   88.0 |
               +--------+--------+--------+--------+--------+-----+--------+

Top non-repeatable levels by time:
Spider:2: 3535 daAuts
  Lair:6: 2856 daAuts
     D:9: 2436 daAuts
Spider:1: 2232 daAuts
Shoals:3: 2215 daAuts
Shoals:4: 2156 daAuts
     D:4: 2125 daAuts
  Lair:1: 1877 daAuts
  Lair:3: 1874 daAuts
Shoals:2: 1858 daAuts
  Lair:4: 1808 daAuts
    D:14: 1766 daAuts
    D:15: 1690 daAuts
   Orc:2: 1653 daAuts
     D:5: 1601 daAuts
